 Dungeon Crawl Stone Soup version 0.27-a0-1196-g3e9cee4cb2 (console) character file.

Game seed: 397631976092960932

50 Hector the Skirmisher (level 4, 0/35 HPs)
             Began as a Formicid Abyssal Knight on May 28, 2021.
             Was a Follower of Lugonu.
             Slain by a gnoll
             ... wielding a +0 flail
              (6 damage)
             ... on level 2 of the Dungeon.
             The game lasted 00:03:26 (1245 turns).

Hector the Skirmisher (Formicid Abyssal Knight)     Turns: 1245, Time: 00:03:26

Health: 0/35       AC:  6    Str: 17    XL:     4   Next: 4%
Magic:  5/5        EV:  6    Int: 12    God:    Lugonu [*.....]
Gold:   90         SH:  9    Dex: 10    Spells: 3/3 levels left

rFire    . . .     SeeInvis +   a - +1 hand axe
rCold    . . .     Faith    .   i - +2 kite shield
rNeg     . . .     Spirit   .   j - +0 scale mail
rPois    .         Reflect  .   (helmet unavailable)
rElec    .         Harm     .   (no cloak)
rCorr    .         Rampage  .   (no gloves)
Will     .....                  (no boots)
Stlth    ..........             (no amulet)
HPRegen  0.11/turn              (no ring)
MPRegen  0.09/turn              (no ring)

@: no status effects
A: permanent stasis, dig shafts and tunnels, antennae 3, four strong arms
a: Dig, Shaft Self, Renounce Religion, Depart the Abyss


You were on level 2 of the Dungeon.
You worshipped Lugonu.
Lugonu was aware of your devotion.
You visited 1 branch of the dungeon, and saw 2 of its levels.
You visited the Abyss 1 time.

You collected 90 gold pieces.

Inventory:

Hand Weapons
 a - a +1 hand axe (weapon)
Missiles
 c - 56 stones
Armour
 b - a +0 leather armour
 i - a +2 kite shield (worn)
 j - a +0 scale mail (worn)
Scrolls
 d - 2 scrolls of noise {unknown}
 e - a scroll of magic mapping {unknown}
 g - 3 scrolls of identify {unknown}
 h - a scroll of torment {unknown}
 l - a scroll of fear {unknown}
Potions
 f - a potion of ambrosia {unknown}
 k - a potion of lignification {unknown}


   Skills:
 + Level 3.3 Fighting
 * Level 3.3 Axes
 * Level 2.8 Armour
 - Level 0.8 Dodging
 * Level 0.4 Shields
 + Level 2.4 Invocations


You had 3 spell levels left.
You didn't know any spells.
Your spell library contained the following spells:

 Spells                   Type           Power      Damage    Failure   Level
 Beastly Appendage        Tmut           0%         N/A       100%        1
 Corona                   Hex            0%         N/A       100%        1
 Summon Small Mammal      Summ           0%         N/A       100%        1
 Call Imp                 Summ           0%         N/A       100%        2
 Ensorcelled Hibernation  Hex/Ice        0%         N/A       100%        2
 Wereblood                Tmut           0%         N/A       100%        2
 Call Canine Familiar     Summ           0%         N/A       100%        3
 Confusing Touch          Hex            0%         N/A       100%        3
 Dazzling Flash           Conj/Hex       0%         N/A       100%        3
 Spider Form              Tmut/Pois      0%         N/A       100%        3
 Summon Guardian Golem    Hex/Summ       0%         N/A       100%        3
 Tukima's Dance           Hex            0%         N/A       100%        3
 Ice Form                 Ice/Tmut       0%         N/A       100%        4
 Summon Ice Beast         Ice/Summ       0%         N/A       100%        4
 Summon Lightning Spire   Summ/Air       0%         N/A       100%        4
 Hydra Form               Tmut           0%         N/A       100%        5


Dungeon Overview and Level Annotations

Branches:
Dungeon (2/15)

Altars:


Innate Abilities, Weirdness & Mutations

You cannot be hasted, slowed, berserked, paralysed or teleported.
You can dig through walls and to a lower floor.
You have a pair of large antennae on your head. (SInv)
Your four strong arms can wield two-handed weapons with a shield.


Message History

A gnoll is nearby!
The gnoll shouts!
You see here a +0 short sword.
You barely miss the gnoll. You block the gnoll's attack.
The gnoll barely misses you.
You closely miss the gnoll. The gnoll hits you with a +0 whip.
You closely miss the gnoll. You block the gnoll's attack.
You slash the gnoll!
The gnoll is heavily wounded.
You hear a shout!
You block the gnoll's attack. x2
You hit the gnoll.
The gnoll is severely wounded.
The gnoll hits you with a +0 whip.
You hit the gnoll.
The gnoll is almost dead.
The gnoll hits you with a +0 whip. x2
Your shield prevents you from hitting the gnoll.
The gnoll is almost dead.
The gnoll completely misses you.
You closely miss the gnoll.
The gnoll is almost dead.
The gnoll closely misses you. The gnoll hits you with a +0 whip.
You hit the gnoll.
You kill the gnoll!
Lugonu accepts your kill.
You have reached level 4!
You feel clever.
You start resting.
A gnoll is nearby!
The gnoll shouts!
You hit the gnoll but do no damage. The gnoll closely misses you.
You hit the gnoll.
The gnoll is heavily wounded.
The gnoll hits you with a +0 flail. The gnoll hits you with a +0 flail!
* * * LOW HITPOINT WARNING * * *
You hit the gnoll.
The gnoll is severely wounded.
The gnoll hits you with a +0 flail.
You die...

#####...########
#.)†# #...# ###
#...####†##
#.......#.#
##...###.###
##.....##.###
###...........#
##@##.....##.#.#
#g####....##.#.####
##...#............#
#.#.####.#.##.##.#
#.#..)........#
#<####.#######..
#.# #.# .# #g# #.#
# #.# ...


You could see a gnoll.

Vanquished Creatures
  A gnoll (D:2)
  3 adders (D:2)
  2 endoplasms
  3 jackals (D:1)
  A frilled lizard (D:2)
  3 kobolds (D:2)
  3 rats
16 creatures vanquished.

Notes
Turn   | Place    | Note
-------+----------+-------------------------------------------
     0 | Abyss:1  | Hector the Formicid Abyssal Knight began the quest for the
                  | Orb.
     0 | Abyss:1  | Reached XP level 1. HP: 18/18 MP: 2/2
   123 | Abyss:1  | Noticed a thrashing horror
   124 | D:1      | Escaped the Abyss
   367 | D:1      | Found a faded altar of an unknown god.
   445 | D:1      | Reached XP level 2. HP: 14/24 MP: 3/3
   998 | D:2      | Reached * piety under Lugonu
  1020 | D:2      | Reached XP level 3. HP: 28/29 MP: 4/4
  1235 | D:2      | Reached XP level 4. HP: 19/35 MP: 5/5
  1245 | D:2      | Slain by a gnoll

Illustrated notes

Levels and vault maps discovered:
D:1:      dpeg_arrival_renting, layout_rooms,
          shapermc_ecumenical_altar_notcrosses
D:2:      layout_loops_cross, basic_altar

Skill      XL: |  1  2 |
---------------+-------+-----
Axes           | 3 |  3.3
Fighting       | |  3.3
Armour         | |  2.8
Dodging        | |  0.8
Shields        | |  0.4
Invocations    | |  2.4

Action                   |  1- 3 |  4- 6 || total
-------------------------+-------+-------++-------
Melee: Hand axe          |    63 |     3 ||    66
Invok: Depart the Abyss  |     1 |       ||     1
 Abil: Dig               |     2 |       ||     2
Armor: Leather armour    |     5 |       ||     5
       Scale mail        |    19 |       ||    19
Dodge: Dodged            |    35 |     1 ||    36
Block: Kite shield       |     9 |       ||     9

Table legend: (Time is in decaauts)
 A = Elapsed time spent in this place.
 B = Non-inter-level travel time spent in this place.
 C = Inter-level travel time spent in this place.
 D = Time resting spent in this place.
 E = Time spent auto-exploring this place.
 F = Levels seen in this place.
 G = Mean time per level.
                   A        B        C        D        E       F      G
               +--------+--------+--------+--------+--------+-----+--------+
         Total |   1264 |   1173 |     91 |    118 |    803 |   3 |  421.3 |
       Dungeon |   1140 |   1049 |     91 |    118 |    692 |   2 |  570.0 |
         Abyss |    124 |    124 |      0 |      0 |    111 |   1 |  124.0 |
               +--------+--------+--------+--------+--------+-----+--------+

Top non-repeatable levels by time:
     D:1: 727 daAuts
     D:2: 412 daAuts
 Abyss:1: 124 daAuts
